 Dungeon Crawl Stone Soup version 0.21-a0-405-gf2af9a1 (webtiles) character file.

16 Glalom the Cutter (level 2, 0/23 HPs)
             Began as a Gnoll Wanderer on Nov 1, 2017.
             Slain by Jessica (3 damage)
             ... on level 2 of the Dungeon.
             The game lasted 00:01:25 (610 turns).

Glalom the Cutter (Gnoll Wanderer)                   Turns: 610, Time: 00:01:26

Health: 0/23       AC:  3    Str: 13    XL:     2   Next: 54%
Magic:  5/5        EV: 12    Int: 12    God:
Gold:   85         SH:  0    Dex: 17    Spells: 6/6 levels left

rFire    . . .     SeeInvis .   a - +2 dagger
rCold    . . .     Gourm    .   (no shield)
rNeg     . . .     Faith    .   j - +0 leather armour
rPois    .         Spirit   .   (no helmet)
rElec    .         Reflect  .   (no cloak)
rCorr    .         Harm     .   (no gloves)
MR       .....                  (no boots)
Stlth    +++.......             (no amulet)
HPRegen  0.07/turn              (no ring)
MPRegen  0.09/turn              (no ring)

@: slowed, very slow
A: distributed training, fangs 1, strong nose
a: no special abilities


You were on level 2 of the Dungeon.
You were not hungry.

You visited 1 branch of the dungeon, and saw 2 of its levels.

You collected 85 gold pieces.

Inventory:

Hand Weapons
 a - a +2 dagger (weapon)
 c - a +0 short sword
Armour
 e - a +0 robe
 j - a +0 leather armour (worn)
Jewellery
 l - an uncursed ring of see invisible {unknown}
Scrolls
 h - a scroll of magic mapping {unknown}
 k - a scroll of remove curse {unknown}
 n - a scroll of blinking {unknown}
Potions
 b - a potion of berserk rage
 d - a potion of lignification
 g - a potion of might {unknown}
 i - a potion of haste {unknown}
 o - a potion of brilliance {unknown}
 p - a potion of resistance {unknown}
Comestibles
 f - a bread ration
 m - a meat ration


   Skills:
 + Level 2.5 Fighting
 + Level 4.5 Short Blades
 + Level 0.4 Long Blades
 + Level 0.4 Axes
 + Level 0.4 Maces & Flails
 + Level 0.4 Polearms
 + Level 0.4 Staves
 + Level 0.4 Slings
 + Level 0.4 Bows
 + Level 0.4 Crossbows
 + Level 2.5 Throwing
 + Level 0.4 Armour
 + Level 2.5 Dodging
 + Level 4.1 Stealth
 + Level 0.4 Shields
 + Level 0.4 Unarmed Combat
 + Level 2.7 Spellcasting
 + Level 0.2 Conjurations
 + Level 0.2 Hexes
 + Level 0.2 Charms
 + Level 0.2 Summonings
 + Level 0.2 Necromancy
 + Level 0.2 Translocations
 + Level 0.2 Transmutations
 + Level 0.2 Fire Magic
 + Level 3.7 Ice Magic
 + Level 0.2 Air Magic
 + Level 0.2 Earth Magic
 + Level 0.2 Poison Magic
 + Level 0.5 Invocations
 + Level 0.4 Evocations


You had 6 spell levels left.
You didn't know any spells.

Dungeon Overview and Level Annotations

Branches:
Dungeon (2/15)

Altars:

Annotations:
D:2 Jessica


Innate Abilities, Weirdness & Mutations

Your experience applies equally to all skills.
You have very sharp teeth.
Your uncanny sense of smell can sniff out nearby items.


Message History

* * * LOW HITPOINT WARNING * * *
You hit Jessica.
Jessica is moderately wounded.
Jessica misses you. x2
You hit Jessica.
Jessica is severely wounded.
Jessica casts a spell at you. Pain shoots through your body!
* * * LOW HITPOINT WARNING * * *
You hit Jessica but do no damage.
Jessica is severely wounded.
Jessica barely misses you.
You barely miss Jessica.
Jessica is severely wounded.
Jessica hits you but does no damage.
You barely miss Jessica.
Jessica is severely wounded.
Jessica says, "Why did you come here?" Jessica hits you.
You die...

........... .....>...##
.......................#
.....###.. #......[....#
#....##.. #...........#
.....(..####...%......#
......................#
.....###..............#
. ........ .. #........#
.. ##...### ..#..@@..).#
... .......
..........).###....
......##
##.#.....>..)......
......#
..#...............
.#.....
...........###....
.<.... ###........# ...
##.... #........# .. #
#####.#### . # #..#


You could see Jessica.

Vanquished Creatures
  A giant cockroach (D:2)
  4 goblins
  A hobgoblin (D:2)
  3 kobolds
  3 bats
  2 rats
14 creatures vanquished.

Notes
Turn   | Place    | Note
-------+----------+-------------------------------------------
     0 | D:1      | Glalom the Gnoll Wanderer began the quest for the Orb.
     0 | D:1      | Glalom set off with: a +2 dagger, a potion of berserk rage, a +0 short sword, a potion of lignification, a +0 robe, a bread ration
     0 | D:1      | Reached XP level 1. HP: 17/17 MP: 4/4
     1 | D:1      | Noticed an electric eel
   473 | D:2      | Reached XP level 2. HP: 22/23 MP: 5/5
   593 | D:2      | Noticed Jessica
   610 | D:2      | Slain by Jessica

Vault maps used:
D:1:      arrival_aquarium_a
D:2:      uniq_jessica

Action                   || total
-------------------------++-------
Melee: Dagger            ||    43
       Bite              ||     2
 Stab: Sleeping          ||     3
Armor: Leather armour    ||    11
Dodge: Dodged            ||    20

Table legend:
 A = Spawn XP
 B = Non-spawn XP
 C = Spawn XP percentage of total XP
 D = Spawn monster count
 E = Non-spawn monster count
 F = Spawn count percentage of total count
 G = Total turns spent on level
                    A         B        C        D         E        F      G
               +---------+---------+-------+---------+---------+-------+---------
         Total |       0 |      23 |   0.0 |       0 |      14 |   0.0 |   610
               +---------+---------+-------+---------+---------+-------+---------
           D:1 |       0 |       7 |   0.0 |       0 |       5 |   0.0 |   461
           D:2 |       0 |      16 |   0.0 |       0 |       9 |   0.0 |   149
               +---------+---------+-------+---------+---------+-------+---------
